Map: Interloper LE

Players

Winthrowe

  • Race: Protoss Protoss
  • League: Silver
  • Spawn Location: 11:00

Wolinium - Winner!

  • Race: Terran Terran
  • League: Silver
  • Spawn Location: 5:00

VOD

Have the link to the VOD?

Description

Time

  • Played on: Aug. 18, 2017, 7:28 p.m.
  • Length: 3:09
Show
View Real Time Build Order
Export as new Build Order

Winthrowe Protoss 

Build Orders: Double Forge 

Get SALT Encoding   

  12  0:02  Probe (Chrono Boost)  
  13  0:15  Pylon  
  13  0:17  Probe (Chrono Boost)  
  14  0:26  Assimilator  
  14  0:29  Probe (Chrono Boost)  
  15  0:39  Probe (Chrono Boost)  
  17  0:50  Probe (Chrono Boost)  
  17  1:00  Probe (Chrono Boost)  
  18  1:09  Gateway  
  18  1:11  Probe (Chrono Boost)  
  19  1:16  Assimilator  
  19  1:21  Probe (Chrono Boost)  
  20  1:32  Probe (Chrono Boost)  
  21  1:37  Forge  
  21  1:39  Forge  
  21  1:42  Probe (Chrono Boost)  
  22  1:53  Probe (Chrono Boost)  
  23  2:12  Pylon  
  23  2:15  Probe (Chrono Boost)  
  22  2:26  Probe (Chrono Boost)  
  22  2:37  Probe (Chrono Boost)  
  22  2:47  Probe (Chrono Boost)  
  25  2:59  Photon Cannon  
Show
View Real Time Build Order
Export as new Build Order

Wolinium Terran - Winner!

Build Orders:  

Get SALT Encoding   

  12  0:05  SCV  
  13  0:16  Supply Depot  
  13  0:43  Barracks  
  13  0:47  Barracks  
  13  0:54  SCV  
  14  1:09  SCV  
  15  1:18  Refinery  
  15  1:21  SCV  
  16  1:30  Marine  
  17  1:35  Marine  
  18  1:41  Orbital Command  
  18  1:48  Marine  
  18  1:53  Marine  
  20  2:06  Marine  
  21  2:11  Marine  
  21  2:23  Marine, SCV  
  21  2:29  Marine  
Tags
 
Add a new tag
Caveats
  • Supply blocks, unpowered buildings, or Contaminate may cause inaccurate times.
  • Supply counts are checked every 10 seconds.